 Dungeon Crawl Stone Soup version 0.22-a0-292-g0df9d5f (webtiles) character file.

485 vishdafish the Covered (level 7, -2/43 HPs)
             Began as a Gargoyle Fighter on Mar 23, 2018.
             Was a Follower of Kikubaaqudgha.
             Slain by Karim's ghost (16 damage)
             ... on level 4 of the Dungeon.
             The game lasted 00:05:01 (2917 turns).

vishdafish the Covered (Gargoyle Fighter)           Turns: 2917, Time: 00:05:01

Health: -2/43      AC: 13    Str: 25    XL:     7   Next: 13%
Magic:  8/8        EV:  8    Int: 10    God:    Kikubaaqudgha [*.....]
Gold:   267        SH: 10    Dex:  9    Spells: 8/8 levels left

rFire    + . .     SeeInvis .   a - +0 trident
rCold    x . .     Gourm    .   c - +0 shield
rNeg     + . .     Faith    .   b - +0 scale mail
rPois    ∞         Spirit   .   (no helmet)
rElec    +         Reflect  .   (no cloak)
rCorr    .         Harm     .   m - +0 pair of gloves
MR       .....                  (no boots)
Stlth    ..........             j - amulet of regeneration
HPRegen  0.54/turn              q - ring of fire
MPRegen  0.11/turn              (no ring)

@: mighty
A: negative energy resistance 1, electricity resistance, unbreathing,
petrification resistance, rot immunity, AC +4
a: Receive Corpses, Renounce Religion


You were on level 4 of the Dungeon.
You worshipped Kikubaaqudgha.
Kikubaaqudgha was aware of your devotion.
You were very hungry.

You visited 1 branch of the dungeon, and saw 4 of its levels.

You collected 267 gold pieces.

Inventory:

Hand Weapons
 a - a +0 trident (weapon)
Missiles
 o - 17 sling bullets
Armour
 b - a +0 scale mail (worn)
 c - a +0 shield (worn)
 m - a +0 pair of gloves (worn)
Jewellery
 j - an amulet of regeneration (around neck)
 q - a ring of fire (left hand)
 r - an uncursed ring of fire
Scrolls
 e - 7 scrolls of identify {unknown}
 i - a scroll of enchant armour {unknown}
 k - a scroll of fog {unknown}
 n - a scroll of enchant weapon {unknown}
 s - a scroll of amnesia {unknown}
Potions
 d - 2 potions of might
 g - a potion of berserk rage {unknown}
 h - 4 potions of curing {unknown}
 l - a potion of haste {unknown}
 p - a potion of resistance {unknown}
Comestibles
 f - 9 rations


   Skills:
 - Level 4.1 Fighting
 - Level 4.3 Polearms
 - Level 4.6 Armour
 + Level 1.3 Dodging
 - Level 1.3 Stealth
 + Level 4.1 Shields
 * Level 1.2 Spellcasting
 * Level 1.2 Necromancy


You had 8 spell levels left.
You didn't know any spells.

Dungeon Overview and Level Annotations

Branches:
Dungeon (4/15)
 Temple: D:4-7

Altars:
Fedhas
Kikubaaqudgha
Qazlal

Annotations:
D:4 Karim's ghost, novice TrMo


Innate Abilities, Weirdness & Mutations

You are resistant to torment.
Your stone body is resilient. (AC +4)
You are immune to poison.
You resist negative energy. (rN+)
You are resistant to electric shocks. (rElec)
You can survive without breathing.
You are immune to petrification.
You are immune to rotting.


Message History

You puncture Karim's ghost!
Karim's ghost is severely damaged.
Karim's ghost hits you.
Press: ? - help, v - describe, . - travel, g - get item
Here: Karim's ghost (severely damaged)
A jackal corpse.
There is something else lying underneath.
The floor, spattered with blood.
You closely miss Karim's ghost.
Karim's ghost is severely damaged.
You block Karim's ghost's attack. Karim's ghost hits you.
You hit Karim's ghost.
Karim's ghost is severely damaged.
Karim's ghost laughs crazily.
You block Karim's ghost's attack.
You miss Karim's ghost.
Karim's ghost is severely damaged.
Karim's ghost hits you!
You die...
Kikubaaqudgha rasps: "You have failed me!
Welcome... oblivion!"

#..##.# #.#.#
#..##.# ##.#.#
#..##.###....###
#...............
##.##.###...######
#.##.............
#.##..###.######
#.##..# #.#
#.##..# #@#
#.##..# #W# ..
#..###S##
.........##
.##.#.....#
.#.....####..#
...........hh.#
#..............>.
#+..'####......##


You could see Karim's ghost and an adder.

Vanquished Creatures
  Grinder (D:3)
  The ghost of DEFE the Changer, an amateur DEWn (D:3)
  A hound (D:2)
  A worker ant (D:4)
  A hound zombie (D:3)
  A worker ant zombie (D:3)
  3 gnolls (D:2)
  4 adders
  A howler monkey skeleton (D:3)
  2 adder zombies (D:3)
  An adder skeleton (D:3)
  2 worms
  A dart slug (D:3)
  2 leopard geckos
  7 giant cockroaches
  4 goblins (D:1)
  9 hobgoblins
  8 jackals
  3 kobolds
  A quokka (D:2)
  2 ball pythons
  A ball python skeleton (D:3)
  4 bats (D:1)
  5 frilled lizards
  A leopard gecko skeleton (D:4)
  A leopard gecko zombie (D:3)
  A quokka skeleton (D:4)
  5 rats
74 creatures vanquished.

Notes
Turn   | Place    | Note
-------+----------+-------------------------------------------
     0 | D:1      | vishdafish the Gargoyle Fighter began the quest for the Orb.
     0 | D:1      | Reached XP level 1. HP: 14/14 MP: 1/1
   284 | D:1      | Reached XP level 2. HP: 17/19 MP: 2/2
   564 | D:1      | Reached XP level 3. HP: 24/24 MP: 3/3
  1089 | D:2      | Reached skill level 1 in Stealth
  1114 | D:2      | Reached XP level 4. HP: 25/29 MP: 4/4
  1123 | D:2      | Found an ancient bone altar of Kikubaaqudgha.
  1134 | D:2      | Became a worshipper of Kikubaaqudgha
  1884 | D:3      | Reached XP level 5. HP: 32/33 MP: 5/5
  2024 | D:3      | Noticed Grinder
  2029 | D:3      | Paralysed by Grinder for 6 turns
  2036 | D:3      | Paralysed by Grinder for 2 turns
  2041 | D:3      | Killed Grinder
  2041 | D:3      | Reached skill level 1 in Dodging
  2041 | D:3      | Reached XP level 6. HP: 27/38 MP: 6/6
  2205 | D:3      | Reached * piety under Kikubaaqudgha
  2205 | D:3      | Identified Kikubaaqudgha's Volume of Necromancy (Kikubaaqudgha gifted it to you on level 3 of the Dungeon)
  2205 | D:3      | Received a gift from Kikubaaqudgha
  2592 | D:3      | Noticed DEFE's ghost (amateur DEWn)
  2603 | D:3      | Killed DEFE's ghost
  2603 | D:3      | Reached skill level 1 in Necromancy
  2603 | D:3      | Reached XP level 7. HP: 36/43 MP: 6/8
  2800 | D:4      | Found a blossoming altar of Fedhas.
  2804 | D:4      | Reached skill level 1 in Spellcasting
  2815 | D:4      | Found a stormy altar of Qazlal.
  2876 | D:4      | Noticed Karim's ghost (novice TrMo)
  2917 | D:4      | Slain by Karim's ghost

Vault maps used:
D:1:      kennysheep_arrival_seaside
D:2:      old_standard_altar
D:3:      serial_undead, serial_undead_a, serial_undead_d, serial_undead_a,
          serial_undead_b, first_ration, minmay_quantized, uniq_grinder
D:4:      grunt_temple_overflow_forces_of_nature, serial_shops,
          nicolae_shop_behind_doors, uniq_crazy_yiuf_cottage

Skill      XL: |  1  2  3  4  5  6  7 |
---------------+----------------------+-----
Polearms       | 2 3 4 |  4.3
Stealth        | 1 |  1.3
Armour         | 4 |  4.6
Fighting       | 4 |  4.1
Dodging        | 1 |  1.3
Shields        | 4 |  4.1
Necromancy     | 1 |  1.2
Spellcasting   | 1 |  1.2

Action                   |  1- 3 |  4- 6 |  7- 9 || total
-------------------------+-------+-------+-------++-------
Melee: Trident           |   119 |   172 |    51 ||   342
  Use: Potion            |       |       |     1 ||     1
  Eat: Chunk             |       |     5 |     1 ||     6
Armor: Scale mail        |    56 |    71 |    24 ||   151
Dodge: Dodged            |    38 |    49 |    16 ||   103
Block: Shield            |    68 |    62 |    23 ||   153

Table legend:
 A = Spawn XP
 B = Non-spawn XP
 C = Spawn XP percentage of total XP
 D = Spawn monster count
 E = Non-spawn monster count
 F = Spawn count percentage of total count
 G = Total turns spent on level
                    A         B        C        D         E        F      G
               +---------+---------+-------+---------+---------+-------+---------
         Total |       0 |     694 |   0.0 |       0 |      74 |   0.0 |  2917
               +---------+---------+-------+---------+---------+-------+---------
           D:1 |       0 |      36 |   0.0 |       0 |      21 |   0.0 |   890
           D:2 |       0 |     118 |   0.0 |       0 |      14 |   0.0 |   937
           D:3 |       0 |     469 |   0.0 |       0 |      29 |   0.0 |   972
           D:4 |       0 |      71 |   0.0 |       0 |      10 |   0.0 |   118
               +---------+---------+-------+---------+---------+-------+---------
